 Dungeon Crawl Stone Soup version 0.29.0-4-gdea44cf6ec (webtiles) character file.

Game seed: 8869995060320599764

840 qw the Shield-Bearer (level 8, 0/46 HPs)
             Began as a Gargoyle Berserker on Sept 4, 2022.
             Was a Follower of Trog.
             Slain by an ogre
             ... wielding a +0 giant spiked club
              (14 damage)
             ... on level 4 of the Dungeon.
             The game lasted 00:00:58 (3649 turns).

qw the Shield-Bearer (Gargoyle Berserker)           Turns: 3649, Time: 00:00:58

Health: 0/46       AC: 16    Str: 23    XL:     8   Next: 0%
Magic:  8/8        EV:  8    Int:  8    God:    Trog [*.....]
Gold:   118        SH:  9    Dex:  9    Spells: 7/7 levels left

rFire   . . .      SeeInvis .   Y - +2 hand axe (elec)
rCold   . . .      Faith    .   j - +0 kite shield
rNeg    + . .      Spirit   .   b - +0 scale mail of Past Mistakes {rPois}
rPois   inf        Reflect  .   l - +2 helmet
rElec   +          Harm     .   (no cloak)
rCorr   .          Rampage  .   (no gloves)
Will    +....                   g - +0 pair of boots
Stlth   ..........              (no amulet)
HPRegen 0.15/turn               c - ring of willpower
MPRegen 0.11/turn               m - +4 ring of slaying {mikee}

@: on berserk cooldown
A: sickness immunity, AC +5, negative energy resistance 1, electricity
resistance, torment resistance 1, petrification resistance
a: Renounce Religion, Berserk


You were on level 4 of the Dungeon.
You worshipped Trog.
Trog was aware of your devotion.
You visited 1 branch of the dungeon, and saw 4 of its levels.

You collected 118 gold pieces.


Innate Abilities, Weirdness & Mutations

You are immune to sickness and miasma.
Your stone body is resilient. (AC +5)
You are immune to poison.
You resist negative energy. (rN+)
You are resistant to electric shocks. (rElec)
You are resistant to unholy torment.
You are immune to petrification.


   Skills:
 + Level 3.3 Fighting
 - Level 5.7 Axes
 - Level 2.1 Armour
 - Level 1.5 Dodging
 - Level 7.2 Shields


You had 7 spell levels left.
You didn't know any spells.
Your spell library was empty.

Inventory:

Hand Weapons
 i - a +2 vorpal flail
 Y - a +2 hand axe of electrocution (weapon)
Armour
 b - the +0 scale mail of Past Mistakes (worn) {rPois}
   (You found it on level 2 of the Dungeon)

   rPois:     It protects you from poison.
 g - a +0 pair of boots (worn)
 j - a +0 kite shield (worn)
 l - a +2 helmet (worn)
Jewellery
 c - a ring of willpower (left hand)
 m - a +4 ring of slaying (right hand) {mikee}
Scrolls
 e - 2 scrolls of teleportation
 f - a scroll of poison {unknown}
 k - 2 scrolls of identify
 n - a scroll of amnesia {unknown}
Potions
 a - a potion of haste
 d - 3 potions of heal wounds
 h - a potion of invisibility {unknown}

Dungeon Overview and Level Annotations

Branches:
Dungeon (4/15)
 Temple: D:4-7

Altars:
Fedhas
Hepliaklqana
Sif Muna
Trog

Annotations:
D:3 1 runed translucent door, Crazy Yiuf


Message History

You block Pikel's attack.
You hit Pikel.
Pikel is almost dead.
Pikel hits you but does no damage.
You closely miss Pikel.
Pikel is almost dead.
You hit Pikel. Lightning courses through Pikel!
You kill Pikel!
Trog accepts your kill.
With Pikel's spell broken, his former minions thank you for their freedom.
The lemure departs this earthly plane. x3
Your Shields skill gained 4 levels and is now at level 7!
You have reached level 7!
You have reached level 8!
You feel clever.
You start waiting.
You feel a strong urge to attack something.
You are no longer berserk.
You are exhausted.
You feel yourself slow down.
HP restored.
You start waiting.
An ogre comes into view. It is wielding a +0 giant spiked club.
The ogre shouts!
You hit the ogre but do no damage.
The ogre hits you with a +0 giant spiked club.
You slash the ogre!
The ogre is heavily wounded.
You block the ogre's attack.
You barely miss the ogre.
The ogre is heavily wounded.
You block the ogre's attack.
The ogre hits you with a +0 giant spiked club!
You slash the ogre!
The ogre is severely wounded.
You feel yourself speed up.
The ogre hits you with a +0 giant spiked club!
You hit the ogre.
The ogre is severely wounded.
You hit the ogre.
The ogre is almost dead.
The ogre hits you with a +0 giant spiked club!
You die...

##############
#.............
#.....########
#.....'......#
#.....######.#
#.....# #.#
#....## #@#
#....# #O#
#....# #.#
#....# #.#
#....# .>.
#%#.## #.#
#.#.# ..#
#=#.# ..#
#.#.#


You could see an ogre.

Vanquished Creatures
  Pikel (D:4)
  Sigmund (D:2)
  A necrophage (D:4)
  Jessica (D:3)
  Terence (D:3)
  3 adders (D:3)
  3 dart slugs
  4 bats
  4 endoplasms
  2 giant cockroaches
  4 goblins
  3 hobgoblins
  5 quokkas
  3 ball pythons
  2 frilled lizards
  8 kobolds
  3 rats (D:1)
49 creatures vanquished.

Notes
Turn   | Place    | Note
-------+----------+-------------------------------------------
     0 | D:1      | qw the Gargoyle Berserker began the quest for the Orb.
     0 | D:1      | Reached XP level 1. HP: 14/14 MP: 1/1
     0 | D:1      | 0 ||| qw: Version: 0.1-a-103-gd6f5d3a
     0 | D:1      | 0 ||| qw: Game counter: 5756
     0 | D:1      | 0 ||| qw: Always use a shield: true
     0 | D:1      | 0 ||| qw: Do Orc after D:15 true
     0 | D:1      | 0 ||| qw: Do second Lair branch before Depths: true
     0 | D:1      | 0 ||| qw: Lair rune preference: random
     0 | D:1      | 0 ||| qw: Plans: Normal
     0 | D:1      | 0 ||| PLANNING D:1-11
   149 | D:1      | Found a faded altar of an unknown god.
   157 | D:1      | Reached skill level 3 in Axes
   170 | D:1      | Reached XP level 2. HP: 14/19 MP: 2/2
   276 | D:1      | 276 ||| INVOKING Berserk.
   590 | D:1      | 590 ||| SWAPPING to +2 hand axe of flaming.
   591 | D:1      | 591 ||| DROPPING +0 hand axe.
   592 | D:1      | 592 ||| DROPPING +0 club.
  1031 | D:1      | 1031 ||| UPGRADING to +0 ring mail.
  1041 | D:1      | 1041 ||| DROPPING +0 animal skin.
  1042 | D:1      | 1042 ||| UPGRADING to ring of willpower.
  1043 | D:1      | 1043 ||| READING scroll labelled TEOBUDWETASCH.
  1044 | D:1      | 1044 ||| DRINKING 2 sedimented pink potions.
  1110 | D:2      | Reached XP level 3. HP: 23/23 MP: 3/3
  1120 | D:2      | Identified the +0 scale mail of Past Mistakes {rPois}
  1139 | D:2      | 1139 ||| Stepping ~*~*~tactically~*~*~ (stealth).
  1396 | D:2      | Identified the +2 whip of the Glowing Gods {flame, rPois
                  | Will++ Int-5 Stlth+}
  1573 | D:2      | Noticed Sigmund
  1575 | D:2      | 1575 ||| INVOKING Berserk.
  1582 | D:2      | Killed Sigmund
  1583 | D:2      | Reached XP level 4. HP: 19/28 MP: 4/4
  1583 | D:2      | Reached XP level 5. HP: 22/32 MP: 5/5
  1976 | D:2      | 1976 ||| UPGRADING to +0 scale mail of Past Mistakes
                  | {rPois}.
  1986 | D:2      | 1986 ||| DROPPING +0 ring mail.
  1987 | D:2      | 1987 ||| UPGRADING to +0 kite shield.
  1992 | D:2      | 1992 ||| READING 3 scrolls labelled RUUSIRHUOMU.
  1993 | D:2      | 1993 ||| READING scroll labelled AQUGGEIGHE.
  1994 | D:2      | 1994 ||| READING 2 scrolls labelled XUIRIC SYBBEE.
  1995 | D:2      | 1995 ||| READING scroll labelled VETTOT XOYT.
  2055 | D:2      | 2055 ||| DROPPING +0 whip of draining.
  2056 | D:2      | 2056 ||| DRINKING 2 emerald potions.
  2057 | D:2      | 2057 ||| READING 3 scrolls of identify.
  2057 | D:2      | 2057 ||| IDENTIFYING bubbling red potion
  2058 | D:2      | 2058 ||| DROPPING potion of attraction.
  2059 | D:2      | 2059 ||| DROPPING scroll of vulnerability.
  2142 | D:3      | Noticed Jessica
  2155 | D:3      | Killed Jessica
  2156 | D:3      | Reached skill level 1 in Shields
  2297 | D:3      | Reached XP level 6. HP: 37/37 MP: 6/6
  2316 | D:3      | Noticed Terence
  2318 | D:3      | 2318 ||| INVOKING Berserk.
  2320 | D:3      | Killed Terence
  2321 | D:3      | Reached skill level 2 in Shields
  2427 | D:3      | 2427 ||| DROPPING +2 whip of the Glowing Gods {flame, rPois
                  | Will++ Int-5 Stlth+}.
  2807 | D:3      | Found a runed translucent door.
  2808 | D:3      | Noticed Crazy Yiuf
  2972 | D:3      | Found a bloodstained altar of Trog.
  3103 | D:3      | Found a hazy altar of Hepliaklqana.
  3103 | D:3      | Found a shimmering blue altar of Sif Muna.
  3340 | D:3      | 3340 ||| UPGRADING to +0 pair of boots.
  3345 | D:3      | 3345 ||| UPGRADING to +0 helmet.
  3350 | D:3      | 3350 ||| READING 2 scrolls of enchant armour.
  3350 | D:3      | 3350 ||| ENCHANTING +0 helmet.
  3351 | D:3      | 3351 ||| READING scroll of enchant armour.
  3351 | D:3      | 3351 ||| ENCHANTING +1 helmet.
  3352 | D:3      | 3352 ||| UPGRADING to +4 ring of slaying {mikee}.
  3353 | D:3      | 3353 ||| READING 3 scrolls labelled KEOMOTHELY.
  3415 | D:3      | 3415 ||| READING 2 scrolls labelled MOGGAP DERAITO.
  3416 | D:3      | 3416 ||| DROPPING scroll of noise.
  3501 | D:4      | Found a blossoming altar of Fedhas.
  3572 | D:4      | Reached skill level 3 in Shields
  3613 | D:4      | Noticed Pikel
  3621 | D:4      | 3621 ||| INVOKING Berserk.
  3632 | D:4      | Killed Pikel
  3633 | D:4      | Reached skill level 7 in Shields
  3633 | D:4      | Reached XP level 7. HP: 41/41 MP: 7/7
  3633 | D:4      | Reached XP level 8. HP: 46/46 MP: 8/8
  3649 | D:4      | Slain by an ogre

Levels and vault maps discovered:
D:1:      psy_arrival_spokes, layout_basic, basic_ecumenical_altar
D:2:      layout_basic, grunt_decor_arrowhead, corexii_hall_statues_t,
          uniq_sigmund
D:3:      layout_loops_corners, trog_book, gammafunk_temple_overflow_wave,
          uniq_crazy_yiuf_cottage, uniq_jessica, uniq_terence
D:4:      kennysheep_slugbush, layout_basic, fedhas_altar_fruit_tree,
          glass_columns_b, uniq_duvessa, uniq_pikel

Skill      XL: |  1  2  3  4  5  6 |
---------------+-------------------+-----
Axes           | 3 5 |  5.7
Shields        | 1 7 |  7.2
Fighting       | |  3.3
Armour         | |  2.1
Dodging        | |  1.5

Action                   |  1- 3 |  4- 6 |  7- 9 || total
-------------------------+-------+-------+-------++-------
Melee: Hand axe          |    79 |    76 |     6 ||   161
       Punch             |     1 |       |       ||     1
Invok: Berserk           |     2 |     2 |       ||     4
  Use: Scroll            |     1 |     9 |       ||    10
       Potion            |     1 |     1 |       ||     2
Armor: Animal skin       |    14 |       |       ||    14
       Ring mail         |    11 |       |       ||    11
       Scale mail        |       |    30 |       ||    30
Dodge: Dodged            |    43 |    12 |       ||    55
Block: Kite shield       |       |    25 |     2 ||    27

Table legend:
 A = Non-vault XP
 B = Vault XP
 C = Vault XP percentage of total XP
 D = Non-vault monster count
 E = Vault monster count
 F = Vault count percentage of total count
                 A         B        C        D         E       F
            +---------+---------+-------+---------+---------+-------
      Total |     190 |    1010 |  84.2 |      45 |       4 |   8.2
            +---------+---------+-------+---------+---------+-------
        D:1 |      31 |       0 |   0.0 |      17 |       0 |   0.0
        D:2 |      17 |     231 |  93.1 |      10 |       1 |   9.1
        D:3 |      56 |      73 |  56.6 |      13 |       2 |  13.3
        D:4 |      86 |     706 |  89.1 |       5 |       1 |  16.7
            +---------+---------+-------+---------+---------+-------
